 Dungeon Crawl Stone Soup version 0.27-a0-1202-ge72e49191c (webtiles) character file.

Game seed: 17216684136709563515

3837 27snakeeyes612 the Cleaver (level 10, 0/91 HPs)
             Began as a Naga Fighter on June 4, 2021.
             Was a Believer of Cheibriados.
             Slain by a wolf (9 damage)
             ... led by Grum
             ... on level 8 of the Dungeon.
             The game lasted 00:06:59 (10065 turns).

27snakeeyes612 the Cleaver (Naga Fighter)          Turns: 10065, Time: 00:06:59

Health: 0/91       AC: 17    Str: 26    XL:     10   Next: 18%
Magic:  6/10       EV:  5    Int: 12    God:    Cheibriados [**....]
Gold:   392        SH: 13    Dex: 13    Spells: 9/9 levels left

rFire    + . .     SeeInvis +   E - +4 war axe
rCold    . . .     Faith    +   w - +2 kite shield
rNeg     . . .     Spirit   .   s - +0 plate armour
rPois    +         Reflect  .   (no helmet)
rElec    .         Harm     .   t - +0 cloak
rCorr    .         Rampage  .   f - +2 pair of gloves
Will     +....                  (no barding)
Stlth    ..........             k - amulet of faith
HPRegen  0.25/turn              j - ring of protection from fire
MPRegen  0.12/turn              (no ring)

@: very slow
A: AC +3, large, see invisible, deformed body, poison resistance, slowness 2,
spit poison 1, naga tail 1, iridescent scales 1, clumsy 1
a: Spit Poison, Renounce Religion, Bend Time


You were on level 8 of the Dungeon.
You worshipped Cheibriados.
Cheibriados was pleased with you.
You visited 2 branches of the dungeon, and saw 9 of its levels.

You collected 392 gold pieces.

Inventory:

Hand Weapons
 a - a +0 war axe
 o - a +3 hand axe
 x - a +1 hand axe of freezing
 E - a +4 war axe (weapon)
Missiles
 C - a curare-tipped dart
Armour
 b - a +0 scale mail
 c - a +0 kite shield
 f - a +2 pair of gloves (worn)
 s - a +0 plate armour (worn)
 t - a +0 cloak (worn)
 w - a +2 kite shield (worn)
Jewellery
 j - a ring of protection from fire (left hand)
 k - an amulet of faith (around neck)
Wands
 n - a wand of flame (10)
 p - a wand of polymorph (18)
 B - a wand of paralysis (4)
Scrolls
 d - a scroll of fear {unknown}
 e - 3 scrolls of noise {unknown}
 g - a scroll of summoning {unknown}
 h - 8 scrolls of identify {unknown}
 l - 2 scrolls of blinking {unknown}
 m - 3 scrolls of enchant weapon {unknown}
 q - 7 scrolls of teleportation {unknown}
 r - 2 scrolls of magic mapping {unknown}
 y - a scroll of vulnerability {unknown}
 A - a scroll of brand weapon {unknown}
 F - a scroll of acquirement {unknown}
Potions
 i - a potion of flight {unknown}
 u - 3 potions of haste
 v - a potion of heal wounds
 z - a potion of lignification
 D - a potion of berserk rage {unknown}


   Skills:
 + Level 6.3 Fighting
 + Level 8.8 Axes
 + Level 5.4 Armour
 + Level 2.6 Dodging
 + Level 2.3 Stealth
 + Level 6.4 Shields
 + Level 1.1 Invocations


You had 9 spell levels left.
You didn't know any spells.
Your spell library contained the following spells:

 Spells                   Type           Power      Damage    Failure   Level
 Animate Skeleton         Necr           0%         N/A       100%        1
 Apportation              Tloc           0%         N/A       100%        1
 Corona                   Hex            0%         N/A       100%        1
 Freeze                   Ice            0%         1d3       100%        1
 Summon Small Mammal      Summ           0%         N/A       100%        1
 Confusing Touch          Hex            0%         N/A       100%        3
 Frozen Ramparts          Ice            0%         1d2       100%        3
 Gell's Gravitas          Tloc           0%         N/A       100%        3
 Ozocubu's Armour         Ice            0%         N/A       100%        3
 Hailstorm                Conj/Ice       0%         3d3       100%        4
 Petrify                  Tmut/Erth      0%         N/A       100%        4
 Metabolic Englaciation   Hex/Ice        0%         N/A       100%        5
 Yara's Violent Unravell  Hex/Tmut       0%         3d3       100%        5


Dungeon Overview and Level Annotations

Branches:
Dungeon (8/15)             Temple (1/1) D:7
   Lair: D:8-11

Altars:
Ashenzari
Cheibriados
Fedhas
Hepliaklqana
Kikubaaqudgha
Nemelex Xobeh
Okawaru
Ru
Vehumet
The Shining One

Shops:
D:3 [

Annotations:
D:4 2 transporters
D:8 3 runed translucent doors, Grum; Kinoniko's ghost, novice OgBe


Innate Abilities, Weirdness & Mutations

Your serpentine skin is tough. (AC +3)
You have supernaturally acute eyesight. (SInv)
Armour fits poorly on your strangely shaped body.
Your system is resistant to poisons. (rPois)
You cover ground very slowly.
You can spit poison.
You have a snake-like lower body.
You are partially covered in iridescent scales. (AC +2)
You are clumsy. (Dex -2)


Message History

The wolf seems to slow down.
The wolf resists with some effort.
Cheibriados rebukes Grum.
Grum seems to slow down.
The wolf bites you. x2; You block the wolf's attack.
You slash Grum!
Grum is lightly wounded.
You hit the wolf but do no damage. You miss the wolf. The wolf bites you!
The wolf barely misses you. Grum hits you with a -2 glaive!
* * * LOW HITPOINT WARNING * * *
You block the wolf's attack. x2
You hit Grum but do no damage.
Grum is lightly wounded.
Your shield and plate armour prevent you from hitting the wolf.
You closely miss the wolf. You block the wolf's attack. x2
The wolf bites you but does no damage. Grum closely misses you.
Unknown command.
You slash Grum!
Grum is heavily wounded.
You hit the wolf but do no damage. You barely miss the wolf.
You block the wolf's attack. The wolf barely misses you. The wolf bites you.
* * * LOW HITPOINT WARNING * * *
You block the wolf's attack. Grum closely misses you.
You closely miss Grum.
Grum is heavily wounded.
You hit the wolf but do no damage. You slash the wolf!
You block the wolf's attack. x3
You barely miss Grum.
Grum is heavily wounded.
You hit the wolf. You slash the wolf! The wolf barely misses you.
You block the wolf's attack. Grum hits you with a -2 glaive!
* * * LOW HITPOINT WARNING * * *
You block the wolf's attack.
Unknown command.
You barely miss Grum.
Grum is heavily wounded.
You slash the wolf!
You kill the wolf!
Cheibriados thoroughly appreciates the change of pace.
Your plate armour prevents you from hitting the wolf.
The wolf bites you!
You die...

#............##.# ###
## #>##............#
#.. ..#
#.#####.##.#.##.# #.#
#.# #.# #.##.#.##.#
#.# #[#
#.##.#.##.###.# #.#
#.#...........# #.#
#....#.##.###.# ###.#
###.h#<##.###.####....
#..@...........#....
#.†)g..####.##.#....
#.##.#......##.#....
......######.##.#....
?.#.#### #.##)#....
##.#.# #.##.#.### #
#.. ..##.#.# ..
..##...# #####


You could see Grum (slow) and a wolf (slow).

Vanquished Creatures
  Pikel (D:7)
  2 steam dragons (D:8)
  A water moccasin (D:7)
  3 ice beasts
  A sky beast (D:5)
  An orc warrior (D:7)
  A black bear (D:5)
  A necrophage (D:4)
  3 wolves (D:8)
  A phantom (D:5)
  2 ogres (D:6)
  6 centaurs
  3 kobold brigands
  2 bullfrogs
  A gnoll sergeant (D:5)
  5 wights (D:8)
  4 howler monkeys
  2 bullfrog zombies
  3 hounds
  A jelly (D:5)
  An orc priest (D:7)
  A centaur skeleton (D:6)
  Natasha (D:3)
  3 orc wizards
  2 iguanas
  A hound skeleton (D:4)
  Robin (D:3)
  10 gnolls
  A howler monkey skeleton (D:5)
  6 adders
  A white imp (D:8)
  3 worms (D:2)
  4 dart slugs
  16 orcs
  9 ball pythons
  7 bats
  5 endoplasms
  2 giant cockroaches
  10 goblins (D:3)
  11 hobgoblins
  12 jackals
  4 quokkas
  3 frilled lizards
  24 kobolds
  5 rats
187 creatures vanquished.

Vanquished Creatures (others)
  A human (D:5)
  An orc (D:3)
  4 fungi (D:8)
6 creatures vanquished.

Grand Total: 193 creatures vanquished

Notes
Turn   | Place    | Note
-------+----------+-------------------------------------------
     0 | D:1      | 27snakeeyes612 the Naga Fighter began the quest for the
                  | Orb.
     0 | D:1      | Reached XP level 1. HP: 21/21 MP: 1/1
   208 | D:1      | Reached XP level 2. HP: 27/28 MP: 2/2
   844 | D:1      | Reached XP level 3. HP: 29/34 MP: 3/3
  1396 | D:2      | Reached skill level 1 in Stealth
  1408 | D:2      | Reached XP level 4. HP: 39/42 MP: 4/4
  1996 | D:2      | Reached skill level 3 in Axes
  1996 | D:2      | Reached XP level 5. HP: 17/49 MP: 5/5
  2650 | D:3      | Found a radiant altar of Vehumet.
  2723 | D:3      | Found Ummov's Armour Shop.
  2827 | D:3      | Noticed Robin
  2858 | D:3      | Killed Robin
  3347 | D:3      | Noticed Natasha
  3358 | D:3      | Killed Natasha
  3359 | D:3      | Reached XP level 6. HP: 30/57 MP: 6/6
  4231 | D:4      | Found a broken altar of Ashenzari.
  4233 | D:4      | Noticed an orc warrior
  4235 | D:4      | Found a transporter.
  4247 | D:4      | Found a transporter.
  4393 | D:4      | Reached skill level 4 in Axes
  4410 | D:4      | Reached skill level 1 in Dodging
  4644 | D:4      | Noticed a necrophage
  4651 | D:4      | Killed a necrophage
  4652 | D:4      | Reached XP level 7. HP: 54/64 MP: 7/7
  5276 | D:5      | Entered Level 5 of the Dungeon
  5296 | D:5      | Gained mutation: You are partially covered in iridescent
                  | scales. (AC +2) [potion of mutation]
  5296 | D:5      | Gained mutation: You are clumsy. (Dex -2) [potion of
                  | mutation]
  5319 | D:5      | Reached skill level 5 in Axes
  5696 | D:5      | Found an ancient bone altar of Kikubaaqudgha.
  5696 | D:5      | Noticed a human
  5928 | D:5      | Reached XP level 8. HP: 58/73 MP: 8/8
  6934 | D:6      | Reached skill level 6 in Axes
  7114 | D:6      | Reached skill level 5 in Fighting
  7315 | D:6      | Found an iron altar of Okawaru.
  7601 | D:6      | Found a sacrificial altar of Ru.
  7716 | D:6      | Reached skill level 5 in Shields
  7716 | D:6      | Reached XP level 9. HP: 81/81 MP: 9/9
  8133 | D:7      | Found a staircase to the Ecumenical Temple.
  8151 | D:7      | Reached skill level 7 in Axes
  8210 | Temple   | Entered the Ecumenical Temple
  8324 | Temple   | Became a worshipper of Cheibriados the Contemplative
  8705 | D:7      | Found a sparkling altar of Nemelex Xobeh.
  8765 | D:7      | Reached * piety under Cheibriados
  9284 | D:7      | Noticed Pikel
  9317 | D:7      | Killed Pikel
  9318 | D:7      | Reached skill level 8 in Axes
  9516 | D:8      | Found a blossoming altar of Fedhas.
  9526 | D:8      | Reached skill level 5 in Armour
  9747 | D:8      | Reached skill level 1 in Invocations
  9754 | D:8      | Reached XP level 10. HP: 77/91 MP: 10/10
  9895 | D:8      | Found a runed translucent gate.
  9896 | D:8      | Found a runed translucent gate.
  9896 | D:8      | Found a runed translucent gate.
  9899 | D:8      | Noticed Kinoniko's ghost (novice OgBe)
 10030 | D:8      | Reached ** piety under Cheibriados
 10043 | D:8      | Noticed Grum
 10065 | D:8      | Slain by a wolf

Illustrated notes

Levels and vault maps discovered:
D:1:      dpeg_arrival_arbitrary_c, layout_loops_ring
D:2:      layout_loops_cross, minmay_bisected
D:3:      layout_basic, nicolae_overflow_crystal_walls, serial_shops, shop,
          uniq_robin, uniq_natasha
D:4:      mumra_celtic_spiral_tile, layout_basic,
          gammafunk_temple_overflow_arena
D:5:      layout_loops_ring, tgw_kikubaaqudgha, minmay_misc_feat_secret_circle
D:6:      layout_basic, hangedman_ru_absence, lemuel_coloured_pillars_altar
D:7:      layout_loops_ring, nemelex_xobeh_ov_fountains_minmay,
          minmay_temple_entry_statues_fountains, minmay_misc_feat_tower,
          uniq_pikel
D:8:      kennysheep_steamy, layout_loops_ring, fedhas_bush_and_centaur_altar,
          gammafunk_ghost_spectres, uniq_grum, uniq_joseph
Temple:   nicolae_temple_figure_eight

Skill      XL: |  1  2  3  4  5  6  7  8  9 10 |
---------------+-------------------------------+-----
Stealth        | 1 2 |  2.3
Shields        | 3 4 5 6 |  6.4
Axes           | 3 4 5 6 8 |  8.8
Armour         | 3 4 5 |  5.4
Fighting       | 4 5 6 |  6.3
Dodging        | 1 2 |  2.6
Invocations    | 1 |  1.1

Action                   |  1- 3 |  4- 6 |  7- 9 | 10-12 || total
-------------------------+-------+-------+-------+-------++-------
Melee: War axe           |    98 |    83 |     8 |    36 ||   225
       Hand axe          |       |   191 |   438 |       ||   629
Invok: Bend Time         |       |       |     3 |     2 ||     5
 Abil: Spit Poison       |       |     1 |     2 |       ||     3
  Use: Potion            |       |     1 |     5 |     1 ||     7
Armor: Scale mail        |    56 |   126 |    80 |       ||   262
       Skin              |       |       |    29 |       ||    29
       Plate armour      |       |       |   145 |    48 ||   193
Dodge: Dodged            |    25 |    81 |    78 |    28 ||   212
Block: Kite shield       |    55 |   155 |   306 |    63 ||   579

Table legend: (Time is in decaauts)
 A = Elapsed time spent in this place.
 B = Non-inter-level travel time spent in this place.
 C = Inter-level travel time spent in this place.
 D = Time resting spent in this place.
 E = Time spent auto-exploring this place.
 F = Levels seen in this place.
 G = Mean time per level.
                   A        B        C        D        E       F      G
               +--------+--------+--------+--------+--------+-----+--------+
         Total |  12901 |  12197 |    704 |    348 |   9980 |   9 | 1433.4 |
       Dungeon |  12703 |  12071 |    632 |    348 |   9859 |   8 | 1587.9 |
        Temple |    198 |    126 |     72 |      0 |    121 |   1 |  198.0 |
               +--------+--------+--------+--------+--------+-----+--------+

Top non-repeatable levels by time:
     D:3: 2232 daAuts
     D:5: 1811 daAuts
     D:7: 1761 daAuts
     D:6: 1692 daAuts
     D:2: 1551 daAuts
     D:4: 1525 daAuts
     D:1: 1335 daAuts
     D:8: 793 daAuts
  Temple: 198 daAuts
